 Dungeon Crawl Stone Soup version 0.31.0-12-g77e489cdc1 (webtiles) character file.

Game seed: 5807775021221208199

56910 Peloso the Peltast (level 14, -36/124 (130) HPs)
             Began as a Minotaur Fighter on Feb 20, 2024.
             Was a High Priest of Okawaru.
             Killed from afar by a tengu reaver (46 damage)
             ... with a bolt of fire
             ... on level 12 of the Dungeon.
             The game lasted 00:49:15 (21941 turns).

Peloso the Peltast (Minotaur Fighter)              Turns: 21941, Time: 00:49:16

HP:   -36/124 (130) AC: 32    Str: 22    XL:     14   Next: 43%
MP:   12/13         EV: 11    Int:  3    God:    Okawaru [*****.]
Gold: 748           SH: 27    Dex: 14    Spells: 13/13 levels left

rFire   . . .        a - +2 scimitar (freeze)
rCold   + + +        d - +0 tower shield {rC+}
rNeg    . . .        F - +6 plate armour of the Thirsty Visions {rElec rC+ Will+++ Int-2}
rPois   .            u - +1 hat
rElec   +            A - +1 cloak {Will+}
rCorr   .            (no gloves)
SInv    +            (no boots)
Will    +++++        R - amulet of Besohole {Reflect Will+ SH+5 SInv} Stlth
                     l - +4 ring of protection
HPRegen 0.40/turn    J - ring of protection from cold
MPRegen 0.13/turn

%: reflection
@: mighty, lethally poisoned (-36 -> -37), heroic, lightly drained
A: horns 2, retaliatory headbutt
a: Renounce Religion, Heroism, Finesse, Duel


You were on level 12 of the Dungeon.
You worshipped Okawaru.
Okawaru was extremely pleased with you.
You visited 4 branches of the dungeon, and saw 18 of its levels.
You also visited: Bailey, Gauntlet and Ice Cave.

You collected 1856 gold pieces.
You spent 1108 gold pieces at shops.

Inventory:

Hand Weapons
 a - a +2 scimitar of freezing (weapon)
 b - a +0 scimitar of flaming
 Y - the +9 dagger "Jodef" {antimagic, rElec}
   (You took it off a minotaur in a Gauntlet)

   rElec:     It insulates you from electricity.
Armour
 c - a +2 chain mail of poison resistance
 d - a +0 tower shield of cold resistance (worn)
 u - a +1 hat (worn)
 x - the +8 chain mail of the Planets {Slay+2}
   (You found it on level 9 of the Dungeon)

   Slay+2:    It affects your accuracy & damage with ranged weapons and melee
   (+2).
 A - a +1 cloak of willpower (worn)
 F - the +6 plate armour of the Thirsty Visions (worn) {rElec rC+ Will+++ Int-2}
   (You bought it in a shop on level 5 of the Dungeon)

   Int-2:     It affects your intelligence (-2).
   rC+:       It protects you from cold.
   rElec:     It insulates you from electricity.
   Will+++:   It greatly increases your willpower.
 U - the +2 cloak of Weak the Leaf {Harm rF- Will+++ Str-2}
   (You found it in a Gauntlet)

   Str-2:     It affects your strength (-2).
   rF-:       It makes you vulnerable to fire.
   Will+++:   It greatly increases your willpower.
   Harm:      It increases damage dealt and taken.
Jewellery
 k - an amulet of faith
 l - a +4 ring of protection (left hand)
 q - a ring of flight
 v - a ring of positive energy
 B - a ring of positive energy
 D - a ring of see invisible
 J - a ring of protection from cold (right hand)
 O - a ring of protection from cold
 R - the amulet of Besohole (around neck) {Reflect Will+ SH+5 SInv}
   (You found it in a Gauntlet)

   [amulet of reflection]

   Reflect:   It reflects blocked missile attacks.
   Will+:     It increases your willpower.
   SInv:      It lets you see invisible.
   SH+5:      It affects your SH (+5).
 S - a +6 ring of intelligence
 X - a ring of willpower
Talismans
 p - a serpent talisman
Wands
 o - a wand of flame (29)
 z - a wand of digging (8)
 C - a wand of mindburst (14)
 E - a wand of roots (14)
 L - a wand of polymorph (5)
Scrolls
 e - 3 scrolls of enchant weapon
 f - 8 scrolls of fog
 h - 2 scrolls of teleportation
 j - 4 scrolls of revelation
 m - 3 scrolls of enchant armour
 y - 2 scrolls of brand weapon
 G - 2 scrolls of immolation
 K - a scroll of fear
 N - a scroll of poison
Potions
 g - 2 potions of haste
 n - 3 potions of cancellation
 s - 3 potions of enlightenment
 t - 3 potions of mutation
 w - 2 potions of brilliance
 H - a potion of curing
 I - a potion of resistance
 V - a potion of magic


   Skills:
 + Level 13.7(18.7) Fighting
 + Level 16.2(21.2) Long Blades
 + Level 14.2(19.2) Armour
 + Level 5.3(10.3) Dodging
 + Level 1.5(6.5) Stealth
 + Level 16.8(21.8) Shields
 + Level 1.1 Invocations


You had 13 spell levels left.
You didn't know any spells.
Your spell library contained the following spells:

 Spells                   Type           Power      Damage    Failure   Level
 Apportation              Tloc           0%         N/A       99%         1
 Foxfire                  Conj/Fire      0%         2x1d4     99%         1
 Freeze                   Ice            0%         1d3       99%         1
 Necrotise                Necr           0%         1d4       99%         1
 Slow                     Hex            0%         N/A       99%         1
 Sting                    Conj/Alch      0%         1d3       99%         1
 Jinxbite                 Hex            0%         N/A       100%        2
 Mercury Vapours          Alch/Air       0%         N/A       100%        2
 Sublimation of Blood     Necr           0%         N/A       100%        2
 Confusing Touch          Hex            0%         N/A       100%        3
 Mephitic Cloud           Conj/Alch/Air  0%         N/A       100%        3
 Sigil of Binding         Hex            0%         N/A       100%        3
 Vampiric Draining        Necr           0%         2d6       100%        3
 Petrify                  Alch/Erth      0%         N/A       100%        4
 Alistair's Intoxication  Alch           0%         N/A       100%        5
 Freezing Cloud           Conj/Ice/Air   0%         6-21      100%        5
 Irradiate                Conj/Alch      0%         3d11      100%        5
 Orb of Destruction       Conj           0%         9d5       100%        7
 Ozocubu's Refrigeration  Ice            0%         4d7       100%        7
 Shatter                  Erth           0%         3d5*      100%        9
 Summon Small Mammal      Summ           Unusable   N/A       N/A         1
 Summon Blazeheart Golem  Fire/Summ      Unusable   N/A       N/A         4
 Spellforged Servitor     Conj/Summ      Unusable   N/A       N/A         7

Dungeon Overview and Level Annotations

Branches:
Dungeon (13/15)            Temple (1/1) D:7            Lair (2/5) D:9
 Shoals (0/4) Lair:2          Orc (2/2) D:9             Elf (0/3) Orc:2
 Bailey (visited)           IceCv (visited)         Gauntlet (visited)
  Snake: Lair:2-3    Spider: Lair:2-3    Vaults: D:13-14

Altars:
Ashenzari
Cheibriados
Dithmenos
Elyvilon
Fedhas
Gozag
Hepliaklqana
Kikubaaqudgha
Makhleb
Nemelex Xobeh
Okawaru
Qazlal
Ru
Sif Muna
Trog
Uskayaw
Vehumet
Wu Jian
Xom
Yredelemnul
Zin
The Shining One

Shops:
D:5 [***   D:7 :   Orc:2 *(:[

Annotations:
D:10 3 runed translucent doors, Chiseanne's ghost, journeyman DsWn
Temple 2 transporters


Innate Abilities, Weirdness & Mutations

You have a pair of horns on your head.
You reflexively headbutt those who attack you in melee.


Message History

You block the tengu reaver's attack.
The tengu reaver claws you but does no damage.
The tengu reaver blocks your attack.
You headbutt the tengu reaver!!
The tengu reaver is moderately wounded.
You feel sick.
You slice the tengu reaver!! You freeze the tengu reaver.
The tengu reaver is heavily wounded.
You feel sick. The tengu reaver casts a spell at you.
The bolt of negative energy hits you!!
You feel drained.
* * * LOW HITPOINT WARNING * * *
The tengu reaver blocks your attack.
The tengu reaver is heavily wounded.
You feel sick. You block the tengu reaver's attack. x2
The tengu reaver closely misses you.
You hit the tengu reaver. You freeze the tengu reaver.
Your headbutt misses the tengu reaver.
The tengu reaver is heavily wounded.
You feel sick. The tengu reaver barely misses you. You furiously retaliate!
You headbutt the tengu reaver. You block the tengu reaver's attack. x2
Okay, then.
The tengu reaver blocks your attack.
The tengu reaver is severely wounded.
You feel sick. The tengu reaver closely misses you. The tengu reaver pecks you.
* * * LOW HITPOINT WARNING * * *
You block the tengu reaver's attack. The tengu reaver blocks your attack.
You headbutt the tengu reaver!
The tengu reaver is severely wounded.
You feel sick. The tengu reaver blocks your attack.
You headbutt the tengu reaver.
The tengu reaver is severely wounded.
You block the tengu reaver's attack.
The tengu reaver pecks you but does no damage.
You block the tengu reaver's attack.
You closely miss the tengu reaver.
The tengu reaver is severely wounded.
You feel sick.
The tengu reaver points at you and mumbles some strange words.
The bolt of fire hits you!!!
You die...

..............................#..
######...###################..###
#....#♣♣.♣♣#.. ♣♣.♣ #..##.
#....#♣.≈.♣#.♣ #♣.♣♣ #..##.
##..#.#.≈≈≈.#.. #.♣♣ #..##.
#...#.#.≈≈≈.#.# #♣.♣♣ #..#..
##..##(#%≈≈≈.#.# ♣♣.♣♣#....≈
#..###.#.≈~≈.#.# ♣♣.♣#....≈ ##..#
#..♣~≈~♣#@# ###♣♣.♣♣.....≈
#..####...≈~≈.Q.# #.....♣.....≈≈
#..# #...♣~≈~♣### #Q#†).♣.....≈#
#### #..#.≈~≈.##K #.#†♣♣♣.#...≈≈
#..#.≈≈≈.##Y #.#.♣♣.♣#..... ##
##..#.≈≈≈.##'##Q#♣..♣♣#.#... .#
###...#.≈≈≈.#..§..#♣♣.♣♣#.....
.###...#.#♣.≈.♣#.♣♣♣.# ♣♣.♣#.....
.##..###.#♣♣.♣♣#.....# ♣.♣♣#.#...


You could see a tengu reaver (repels missiles).

Vanquished Creatures
  An orc warlord (Orc:2)
  A minotaur (Gauntlet)
  Snorg (D:12)
  Josephine (D:12)
  2 vault guards (Bailey)
  A hydra (D:8)
  A rakshasa (D:11)
  4 ogre magi (Orc:2)
  2 boulder beetles
  Erica (D:11)
  17 two-headed ogres
  An orc high priest (Orc:2)
  An occultist (D:11)
  A skyshark (Lair:2)
  A fire crab (Gauntlet)
  Pikel (D:4)
  2 bog bodies (IceCv)
  A deep elf pyromancer (D:12)
  2 cyclopes (D:12)
  An ugly thing (D:12)
  An ice statue (IceCv)
  5 kobold blastminers
  3 black mambas
  4 cane toads
  A kobold demonologist (D:12)
  8 komodo dragons
  2 rime drakes (Lair:2)
  A freezing wraith (IceCv)
  An anaconda simulacrum (IceCv)
  2 ice devils (IceCv)
  6 trolls
  3 merfolk (Lair:2)
  A wolf spider simulacrum (Gauntlet)
  A hornet (D:11)
  Prince Ribbit (Bailey)
  3 blink frogs (Lair:2)
  2 dream sheep (D:8)
  A centaur simulacrum (Gauntlet)
  A slime creature (D:12)
  24 yaks
  2 vampires
  12 wraiths
  4 wyverns
  4 shadows
  4 fire bats (Gauntlet)
  6 humans (Bailey)
  2 basilisks
  A steam dragon (D:8)
  3 death yak simulacra
  5 vampire mosquitoes (D:12)
  2 wargs (Orc:1)
  A harpy simulacrum (IceCv)
  2 swamp worms (Gauntlet)
  An acid dragon (D:11)
  3 hell hounds (Gauntlet)
  3 water moccasins
  2 hydra simulacra (IceCv)
  18 orc warriors
  An ice beast (D:8)
  22 ogres
  21 wolves
  3 centaurs
  6 kobold brigands
  11 bullfrogs
  2 gnoll sergeants
  A scorpion (D:6)
  2 cane toad simulacra
  A two-headed ogre simulacrum (IceCv)
  9 wights
  A hornet simulacrum (Gauntlet)
  A troll zombie (D:9)
  5 elephant simulacra (IceCv)
  5 killer bees (D:10)
  A vampire bat (Orc:1)
  3 electric eels
  4 howler monkeys
  A bombardier beetle (D:4)
  3 hounds
  2 jellies
  A gnoll bouda (D:7)
  11 orc priests
  2 iguanas
  Crazy Yiuf (D:6)
  A sleepcap (D:5)
  15 orc wizards
  Natasha (thrice) (D:3)
  A polar bear simulacrum (IceCv)
  7 troll simulacra (IceCv)
  7 spriggan simulacra (IceCv)
  A wolf simulacrum (IceCv)
  5 ogre zombies (D:9)
  13 gnolls
  7 naga simulacra (IceCv)
  11 adders
  4 shadow imps
  4 white imps (IceCv)
  8 ufetubi
  2 dart slugs (D:1)
  A ribbon worm (D:2)
  77 orcs
  6 ball pythons
  16 bats
  4 endoplasms
  4 giant cockroaches
  10 goblins
  9 hobgoblins
  25 kobolds
  3 quokkas (D:1)
  5 frilled lizards
  5 gnoll skeletons (D:9)
  14 orc zombies (D:9)
  5 rats
582 creatures vanquished.

Vanquished Creatures (others)
  An orc wizard (D:4)
  A kobold (D:7)
2 creatures vanquished.

Grand Total: 584 creatures vanquished

Notes
Turn   | Place    | Note
-------+----------+-------------------------------------------
     0 | D:1      | Peloso the Minotaur Fighter began the quest for the Orb.
     0 | D:1      | Reached XP level 1. HP: 19/19 MP: 0/0
   218 | D:1      | Reached XP level 2. HP: 27/27 MP: 1/1
   463 | D:1      | Found a faded altar of an unknown god.
   492 | D:1      | Reached XP level 3. HP: 33/34 MP: 2/2
   759 | D:2      | Found a sparkling altar of Nemelex Xobeh.
  1162 | D:3      | Reached XP level 4. HP: 40/41 MP: 3/3
  1183 | D:3      | Noticed Natasha
  1190 | D:3      | Killed Natasha
  1368 | D:3      | Reached skill level 1 in Dodging
  1368 | D:3      | Reached XP level 5. HP: 11/47 MP: 4/4
  1380 | D:3      | Reached skill level 5 in Armour
  1755 | D:3      | Noticed Natasha
  1760 | D:3      | Killed Natasha
  1797 | D:3      | Noticed Natasha
  1814 | D:3      | Killed Natasha
  2196 | D:4      | Reached XP level 6. HP: 50/55 MP: 5/5
  2271 | D:4      | Reached skill level 5 in Fighting
  2908 | D:4      | Reached skill level 5 in Long Blades
  2944 | D:4      | Noticed Pikel
  2977 | D:4      | Killed Pikel
  2978 | D:4      | Reached XP level 7. HP: 18/62 MP: 6/6
  3332 | D:5      | Entered Level 5 of the Dungeon
  3350 | D:5      | Found Ekatat's General Store.
  3357 | D:5      | Reached skill level 5 in Shields
  3357 | D:5      | Reached XP level 8. HP: 70/70 MP: 7/7
  3368 | D:5      | Found Caxaff's General Store.
  3376 | D:5      | Bought a scroll of teleportation for 33 gold pieces
  3547 | D:5      | Found Fabuan's General Store.
  3555 | D:5      | Found Puageafo's Armour Boutique.
  5272 | D:6      | Found a runed translucent door.
  5273 | D:6      | Noticed Crazy Yiuf
  5279 | D:6      | Killed Crazy Yiuf
  5415 | D:7      | Reached XP level 9. HP: 39/77 MP: 8/8
  5555 | D:7      | Found Dynno's Book Shop.
  6458 | D:7      | Found a staircase to the Ecumenical Temple.
  6709 | Temple   | Found a transporter.
  6709 | Temple   | Found a transporter.
  6709 | Temple   | Found a transporter.
  6709 | Temple   | Found a transporter.
  6709 | Temple   | Entered the Ecumenical Temple
  6725 | Temple   | Became a worshipper of Warmaster Okawaru
  7059 | D:8      | Reached skill level 1 in Stealth
  7253 | D:8      | Reached skill level 10 in Long Blades
  7600 | D:8      | Reached * piety under Okawaru
  7607 | D:8      | Reached XP level 10. HP: 86/88 MP: 9/9
  7624 | D:8      | Noticed a three-headed hydra
  7630 | D:8      | Killed a one-headed hydra
  7630 | D:8      | Reached ** piety under Okawaru
  7731 | D:8      | Found a bloodstained altar of Trog.
  7731 | D:8      | Found a sparkling altar of Nemelex Xobeh.
  7736 | D:8      | Found a shimmering altar of Xom.
  7758 | D:8      | Found a snail-covered altar of Cheibriados.
  7760 | D:8      | Found an ancient bone altar of Kikubaaqudgha.
  7765 | D:8      | Found a glowing golden altar of the Shining One.
  7885 | D:9      | Found a flagged portal.
  7916 | Bailey   | Entered a bailey
  8216 | Bailey   | Reached skill level 10 in Armour
  8221 | Bailey   | Noticed a vault guard
  8232 | Bailey   | Killed a vault guard
  8232 | Bailey   | Reached *** piety under Okawaru
  8257 | Bailey   | Noticed a vault guard
  8257 | Bailey   | Noticed Prince Ribbit
  8269 | Bailey   | Killed a vault guard
  8281 | Bailey   | Killed Prince Ribbit
  9628 | D:9      | Reached XP level 11. HP: 62/97 MP: 10/10
  9901 | D:9      | Noticed a two-headed ogre
  9910 | D:9      | Killed a two-headed ogre
 10020 | D:9      | Reached **** piety under Okawaru
 10071 | D:9      | Found a staircase to the Lair.
 10188 | D:9      | Got the Writings on Telluric Synthesis
 10342 | D:9      | Identified the +8 chain mail of the Planets {Slay+2}
 10443 | D:9      | Found a staircase to the Orcish Mines.
 10623 | D:9      | Reached skill level 10 in Shields
 10857 | D:10     | Entered Level 10 of the Dungeon
 10902 | D:10     | Noticed a two-headed ogre
 10909 | D:10     | Killed a two-headed ogre
 10937 | D:10     | Found a radiant altar of Vehumet.
 10993 | D:10     | Found a runed translucent gate.
 10993 | D:10     | Found a runed translucent gate.
 10993 | D:10     | Found a runed translucent gate.
 10993 | D:10     | Noticed Chiseanne's ghost (journeyman DsWn)
 11345 | D:10     | Reached ***** piety under Okawaru
 11849 | D:11     | Reached skill level 10 in Fighting
 12487 | D:11     | Noticed a two-headed ogre
 12487 | D:11     | Noticed a boulder beetle
 12505 | D:11     | Killed a two-headed ogre
 12518 | D:11     | Killed a boulder beetle
 12518 | D:11     | Received a gift from Okawaru
 12628 | D:11     | Noticed a rakshasa
 12630 | D:11     | Noticed an occultist
 12891 | D:11     | Killed a rakshasa
 12892 | D:11     | Reached XP level 12. HP: 62/108 MP: 8/11
 13348 | D:11     | Noticed Erica
 13351 | D:11     | Killed Erica
 13501 | Lair:1   | Entered Level 1 of the Lair of Beasts
 13519 | Lair:1   | Found a frozen archway.
 13766 | IceCv    | Entered an ice cave
 14573 | IceCv    | Received a gift from Okawaru
 15255 | Lair:1   | Noticed a boulder beetle
 15295 | Lair:1   | Killed a boulder beetle
 15537 | Lair:1   | Reached ****** piety under Okawaru
 15848 | Lair:1   | Reached skill level 15 in Long Blades
 15943 | Lair:2   | Received a gift from Okawaru
 15965 | Lair:2   | Found a gate leading to a gauntlet.
 15974 | Gauntlet | Entered a Gauntlet
 15974 | Gauntlet | Found a transporter.
 15978 | Gauntlet | Found a transporter.
 15979 | Gauntlet | Found a transporter.
 15994 | Gauntlet | Found a transporter.
 15996 | Gauntlet | Found a transporter.
 16003 | Gauntlet | Found a runed translucent gate.
 16003 | Gauntlet | Found a runed translucent gate.
 16007 | Gauntlet | Found a runed translucent gate.
 16008 | Gauntlet | Found a transporter.
 16025 | Gauntlet | Found a transporter.
 16035 | Gauntlet | Found a transporter.
 16045 | Gauntlet | Found a transporter.
 16049 | Gauntlet | Found a transporter.
 16051 | Gauntlet | Found a transporter.
 16053 | Gauntlet | Found a transporter.
 16086 | Gauntlet | Found a transporter.
 16216 | Gauntlet | Reached skill level 5 in Dodging
 16225 | Gauntlet | Identified the +2 cloak of Weak the Leaf {Harm rF- Will+++
                  | Str-2}
 16249 | Gauntlet | Identified the amulet of Besohole {Reflect Will+ SH+5 SInv}
 16270 | Gauntlet | Reached XP level 13. HP: 82/118 MP: 12/12
 16606 | Gauntlet | Identified the +9 dagger "Jodef" {antimagic, rElec}
 16606 | Gauntlet | Noticed a minotaur
 16616 | Gauntlet | Killed a minotaur
 16622 | Gauntlet | Got Sif Muna's Catalogue of the Sizzling Tundra
 16989 | Lair:2   | Found a staircase to the Shoals.
 17037 | Lair:2   | Received a gift from Okawaru
 17755 | D:5      | Bought the +6 plate armour of the Thirsty Visions {rElec
                  | rC+ Will+++ Int-2} for 1075 gold pieces
 17869 | D:12     | Noticed Josephine
 17888 | D:12     | Killed Josephine
 18232 | D:12     | Noticed a tengu reaver
 18575 | Orc:1    | Entered Level 1 of the Orcish Mines
 18590 | Orc:1    | Received a gift from Okawaru
 18789 | Orc:2    | Entered Level 2 of the Orcish Mines
 19304 | Orc:2    | Reached skill level 15 in Shields
 19447 | Orc:2    | Received a gift from Okawaru
 19448 | Orc:2    | Reached XP level 14. HP: 105/129 MP: 11/13
 19611 | Orc:2    | Found Neric's Book Emporium.
 19611 | Orc:2    | Found Roch's Antique Armour Shop.
 19612 | Orc:2    | Found Utujar's General Store.
 19612 | Orc:2    | Found Yguseok's Weapon Emporium.
 19694 | Orc:2    | Found a staircase to the Elven Halls.
 19779 | Orc:2    | Noticed an orc warlord
 19954 | Orc:2    | Killed an orc warlord
 19954 | Orc:2    | Received a gift from Okawaru
 21150 | D:12     | Noticed Snorg
 21161 | D:12     | Killed Snorg
 21234 | D:12     | Reached skill level 1 in Invocations
 21941 | D:12     | Killed from afar by a tengu reaver

Illustrated notes

Levels and vault maps discovered:
D:1:      ncdulo_smallfort, layout_loops_ring,
          hellmonk_ecumenical_altar_slurped_away
D:2:      layout_rooms, basic_altar, hangedman_decor_diamond_cutter
D:3:      layout_basic, minmay_misc_feat_nine_boxes, guppyfry_early_orc_mine,
          uniq_natasha
D:4:      layout_basic, grunt_ministairs_12, minmay_misc_feat_more_columns,
          nicolae_concentric_dashed_squares_wild, uniq_pikel
D:5:      layout_layer_cave, serial_shops, nicolae_shop_just_a_little_nook,
          shop, shop, nicolae_shop_pleasant_corner_grove
D:6:      layout_basic, uniq_crazy_yiuf_cottage
D:7:      layout_basic, minmay_temple_entry_waves, serial_shops,
          nicolae_shop_window_shopping, chequers_mini_garden
D:8:      layout_rooms, nicolae_overflow_hallway_of_the_gods, hangedman_ranch
D:9:      layout_stronghold, erik_lair_orcish_takeover, zombieorc1_lemuel,
          enter_bailey_2
D:10:     layout_rooms, lemuel_crystal_altar, gammafunk_ghost_nasty_kobolds,
          minmay_variable_closet, nicolae_wand_duel, kennysheep_dice
D:11:     layout_stronghold, hangedman_corner_corridor, uniq_erica
D:12:     nzn_winding_woodlands_small [nzn_winding_woodlands_5x15_crooked,
          nzn_winding_woodlands_center_lodge,
          nzn_winding_woodlands_5x15_river_crossing], layout_rooms,
          hangedman_decor_clover_reticule, nicolae_lava_and_water,
          chequers_serial_rivers_marsh, chequers_serial_rivers_micro_e,
          uniq_snorg, uniq_josephine
D:13:     layout_long_grid
Temple:   hellmonk_temple_divided_pantheon
Lair:1:   layout_chaotic_city, portal_ice_cave_entry_ice_simulacra,
          serial_bayou_shore_b
Lair:2:   layout_small_grid, mainiacjoe_shoals_entry_four_pools,
          gauntlet_entry_generic, serial_bayou_shore_b,
          infiniplex_staircase_pool_2
Orc:1:    layout_caves, roderic_batcave
Orc:2:    st_orc_ogre_mass, layout_caves

Skill      XL: |  1  2  3  4  5  6  7  8  9 10 11 12 13 14 |
---------------+-------------------------------------------+-----
Fighting       | 4 5 6 8 9 10 12 13 | 13.7
Armour         | 4 5 7 8 9 10 12 13 14 | 14.2
Shields        | 4 5 6 7 9 10 12 15 16 | 16.8
Long Blades    | 3 4 6 8 10 12 13 15 16 | 16.2
Dodging        | 1 2 3 4 5 |  5.3
Stealth        | 1 |  1.5
Invocations    | 1 |  1.1

Action                     |  1- 3 |  4- 6 |  7- 9 | 10-12 | 13-15 || total
---------------------------+-------+-------+-------+-------+-------++-------
  Melee: Long sword        |    73 |   226 |   394 |       |       ||   693
         Headbutt          |     9 |    34 |    86 |   183 |   177 ||   489
         Falchion          |       |       |    20 |   454 |       ||   474
         Scimitar          |       |       |       |   279 |   659 ||   938
 Invoke: Heroism           |       |       |       |     7 |     8 ||    15
  Evoke: Wand              |       |       |       |     1 |       ||     1
    Use: Potion            |     4 |       |     1 |     6 |     4 ||    15
         Scroll            |     2 |     1 |     3 |    15 |     8 ||    29
 Armour: Scale mail        |    41 |   228 |       |       |       ||   269
         Chain mail        |       |    34 |   313 |   266 |    67 ||   680
         Plate armour      |       |       |    28 |   132 |   185 ||   345
  Dodge: Dodged            |    38 |    82 |   180 |   158 |    94 ||   552
  Block: Buckler           |    29 |    47 |    97 |       |       ||   173
         Kite shield       |       |       |    42 |   331 |       ||   373
         Tower shield      |       |       |       |    86 |   862 ||   948
         Reflection        |       |       |       |       |    33 ||    33
